 Dungeon Crawl Stone Soup version 0.31-a0-542-gdc2a67831c (webtiles) character file.

Game seed: 18141471463622934245

10830 Fodor the Basher (level 11, 0/99 HPs)
             Began as a Minotaur Fighter on Aug 14, 2023.
             Slain by a yak (3 damage)
             ... on level 8 of the Dungeon.
             The game lasted 00:59:20 (10910 turns).

Fodor the Basher (Minotaur Fighter)                Turns: 10910, Time: 00:59:20

Health: 0/99       AC: 26    Str: 25    XL:     11   Next: 41%
Magic:  25/25      EV:  8    Int:  5    God:
Gold:   204        SH:  0    Dex: 10    Spells: 10/10 levels left

rFire   x . .        z - +7 dire flail
rCold   + . .        (shield currently unavailable)
rNeg    . . .        l - +4 plate armour
rPois   .            (helmet restricted)
rElec   .            u - +0 cloak
rCorr   .            N - +0 pair of gloves
SInv    .            (no boots)
Will    .....        y
                       - Hermit's Pendant {Faith Invo=14 Evo=0 MP+5} Stlth
                     f - ring of ice
HPRegen 0.36/turn    D - +4 ring of protection
MPRegen 0.19/turn

%: faith
@: no status effects
A: horns 2, retaliatory headbutt
a: no special abilities


You were on level 8 of the Dungeon.
You visited 4 branches of the dungeon, and saw 12 of its levels.

You collected 509 gold pieces.
You spent 305 gold pieces at shops.

Inventory:

Hand Weapons
 w - a +3 glaive of draining
 z - a +7 dire flail (weapon)
 C - a +0 orcbow
 L - the +8 trident of the Octopus King {venom, rElec rPois}
   (You found it on level 8 of the Dungeon)

   rElec:     It insulates you from electricity.
   rPois:     It protects you from poison
Missiles
 i - 13 boomerangs
 k - a throwing net
 o - 26 poisoned darts
 J - a curare-tipped dart
Armour
 a - a +0 kite shield
 l - a +4 plate armour (worn)
 u - a +0 cloak (worn)
 N - a +0 pair of gloves (worn)
Jewellery
 f - a ring of ice (left hand)
 h - an amulet of guardian spirit
 j - a ring of flight
 r - a ring of fire
 s - a ring of protection from cold
 y - the Hermit's Pendant (around neck) {Faith Invo=14 Evo=0 MP+5}
   (You found it on level 3 of the Dungeon)

   [amulet of faith]

   Invo=14: It sets your Invocations skill to 14.
   Evo=0: It sets your Evocations skill to 0.
   Faith:     It allows you to gain divine favour quickly.
   MP+5:      It affects your magic capacity (+5).
 D - a +4 ring of protection (right hand)
 M - a +4 ring of slaying
Talismans
 n - a maw talisman
 t - a flux talisman
 H - a blade talisman
Wands
 q - a wand of flame (88) (quivered)
 x - a wand of polymorph (11)
Scrolls
 c - 2 scrolls of amnesia
 g - 2 scrolls of fog
 p - 2 scrolls of butterflies
 A - a scroll of identify
 E - 3 scrolls of teleportation
 G - a scroll of poison
 I - a scroll of revelation {unknown}
 K - 2 scrolls of acquirement {unknown}
Potions
 d - a potion of might
 e - 2 potions of haste {unknown}
 B - 3 potions of degeneration {unknown}
 F - 2 potions of attraction {unknown}
Miscellaneous
 v - a phantom mirror


   Skills:
 + Level 9.9 Fighting
 + Level 3.8 Long Blades
 + Level 6.6(10.8) Axes
 + Level 13.3(13.9) Maces & Flails
 + Level 3.2 Throwing
 + Level 11.1 Armour
 + Level 1.8 Dodging
 + Level 1.5 Stealth
 + Level 4.9 Shields
 + Level 0.7(0.0) Evocations


You had 10 spell levels left.
You didn't know any spells.
Your spell library contained the following spells:

 Spells                   Type           Power      Damage    Failure   Level
 Magic Dart               Conj           0%         1d3       99%         1
 Necrotise                Necr           0%         1d4       99%         1
 Lesser Beckoning         Tloc           0%         N/A       100%        2
 Searing Ray              Conj           0%         2d4       100%        2
 Wereblood                Tmut           0%         N/A       100%        2
 Frozen Ramparts          Ice            0%         1d1       100%        3
 Gell's Gravitas          Tloc           0%         N/A       100%        3
 Portal Projectile        Hex/Tloc       0%         N/A       100%        3
 Teleport Other           Tloc           0%         N/A       100%        3
 Tukima's Dance           Hex            0%         N/A       100%        3
 Vampiric Draining        Necr           0%         2d6       100%        3
 Fulminant Prism          Conj/Hex       0%         3d5       100%        4
 Iskenderun's Mystic Bla  Conj/Tloc      0%         2d3       100%        4
 Petrify                  Tmut/Erth      0%         N/A       100%        4
 Agony                    Necr           0%         N/A       100%        5
 Irradiate                Conj/Tmut      0%         3d11      100%        5
 Metabolic Englaciation   Hex/Ice        0%         N/A       100%        5


Dungeon Overview and Level Annotations

Branches:
Dungeon (9/15)             Temple (1/1) D:7            Lair (1/5) D:8
    Orc (1/2) D:9

Altars:
Ashenzari
Cheibriados
Dithmenos
Elyvilon
Fedhas
Gozag
Hepliaklqana
Kikubaaqudgha
Makhleb
Nemelex Xobeh
Okawaru
Qazlal
Ru
Sif Muna
Trog
Uskayaw
Vehumet
Wu Jian
Xom
Yredelemnul
Zin

Shops:
D:2 ([!:*   D:3 =   D:7 ?   Orc:1 [

Annotations:
D:3 1 runed translucent door, arthad's ghost, amateur GrWn


Innate Abilities, Weirdness & Mutations

You have a pair of horns on your head.
You reflexively headbutt those who attack you in melee.


Message History

You puncture the yak!
The yak is heavily wounded.
The wolf bites you!
* * * LOW HITPOINT WARNING * * *
The yak gores you.
* * * LOW HITPOINT WARNING * * *
The yak barely misses you. You furiously retaliate!
You headbutt the yak. The wolf closely misses you. The yak gores you!
* * * LOW HITPOINT WARNING * * *
You feel better. The wolf closely misses you. You furiously retaliate!
You headbutt the wolf. The wolf barely misses you.
The yak gores you but does no damage. The yak closely misses you.
The yak gores you but does no damage. The wolf bites you but does no damage.
You feel better. The wolf bites you but does no damage.
The wolf barely misses you. The wolf bites you but does no damage.
The yak gores you but does no damage. x2; The yak closely misses you.
You furiously retaliate!
You headbutt the yak, but do no damage. You hit the yak but do no damage.
You headbutt the yak.
The yak is heavily wounded.
The wolf bites you but does no damage. x2
You hit the yak. You headbutt the yak!
The yak is almost dead.
The wolf bites you!
* * * LOW HITPOINT WARNING * * *
The wolf bites you but does no damage.
The yak gores you but does no damage. x3
You impale the yak!!
You kill the yak!
The wolf bites you.
* * * LOW HITPOINT WARNING * * *
The wolf bites you but does no damage.
The yak gores you but does no damage. x2
You closely miss the wolf. You headbutt the wolf.
The wolf is lightly wounded.
The wolf misses you. You furiously retaliate!
You headbutt the wolf. The wolf bites you.
* * * LOW HITPOINT WARNING * * *
The wolf barely misses you. You furiously retaliate!
You headbutt the wolf! You impale the wolf!! Your headbutt misses the wolf.
The wolf is almost dead.
The wolf bites you but does no damage. The yak gores you.
You die...

##...### ###.#.##
#..#...###### #....#
#...........#####...##
#....###..........#.###
#.#...≈...#.###........
##..#...#..#.##.####.#.
#.##..P##.#...........
#...h†PP..########...#
#≈.PP@PP.≈# #..###
#...YhYP..# ##.##
#.##...##.######..#
##..#...#..#......#####
#.#...≈...#.....#####..
#....###........####..#
#...........<...##...##
#####..............###
###########.....###


You could see 2 yaks and 2 wolves.

Vanquished Creatures
  2 two-headed ogres (D:9)
  Jeremiah (D:8)
  The ghost of lxXxl the Shield-Bearer, a novice MiFi (D:5)
  A cane toad (Lair:1)
  2 kobold demonologists (D:8)
  Maggie (D:7)
  A hornet (D:8)
  Grinder (D:4)
  Sigmund (D:2)
  A vampire (D:9)
  2 wyverns (D:9)
  6 yaks
  3 steam dragons (D:6)
  An acid dragon (D:9)
  2 water moccasins
  3 black bears
  2 ice beasts (D:7)
  An orc warrior (D:6)
  An ogre (D:4)
  2 wolves (Lair:1)
  2 centaurs
  2 boggarts (D:9)
  5 kobold brigands
  2 phantoms
  4 bullfrogs
  2 scorpions
  18 wights
  25 killer bees
  A howler monkey (D:8)
  A centaur zombie (D:4)
  4 gnoll boudas
  3 jellies
  6 orc priests
  2 bullfrog skeletons
  4 hounds
  Ijyb (D:3)
  3 orc wizards
  3 sleepcaps
  4 iguanas
  Natasha (thrice) (D:2)
  A hound zombie (D:4)
  A howler monkey zombie (D:5)
  Robin (D:2)
  12 gnolls
  5 adders
  A river rat (D:5)
  A white imp (D:5)
  An adder skeleton (D:4)
  2 worms
  3 dart slugs
  30 orcs
  8 ball pythons
  3 endoplasms
  4 giant cockroaches
  12 goblins
  15 hobgoblins
  A jackal (D:5)
  2 quokkas
  6 bats
  3 frilled lizards
  21 kobolds
  6 rats
269 creatures vanquished.

Vanquished Creatures (others)
  2 orcs (D:9)
2 creatures vanquished.

Grand Total: 271 creatures vanquished

Notes
Turn   | Place    | Note
-------+----------+-------------------------------------------
     0 | D:1      | Fodor the Minotaur Fighter began the quest for the Orb.
     0 | D:1      | Reached XP level 1. HP: 19/19 MP: 0/0
   328 | D:1      | Reached XP level 2. HP: 27/27 MP: 1/1
   842 | D:1      | Found a faded altar of an unknown god.
  1092 | D:2      | Noticed Natasha
  1098 | D:2      | Killed Natasha
  1099 | D:2      | Reached XP level 3. HP: 32/33 MP: 2/2
  1170 | D:2      | Found Viraesum's Distillery.
  1179 | D:2      | Bought a potion of heal wounds for 60 gold pieces
  1179 | D:2      | Bought a potion of curing for 36 gold pieces
  1228 | D:2      | Noticed Natasha
  1234 | D:2      | Killed Natasha
  1235 | D:2      | Reached XP level 4. HP: 37/40 MP: 3/3
  1254 | D:2      | Found Ditoel's Antique Armour Shoppe.
  1365 | D:2      | Noticed Robin
  1383 | D:2      | Killed Robin
  1384 | D:2      | Reached skill level 1 in Axes
  1604 | D:2      | Noticed Sigmund
  1614 | D:2      | Killed Sigmund
  1615 | D:2      | Reached skill level 5 in Armour
  1615 | D:2      | Reached XP level 5. HP: 35/47 MP: 4/4
  1615 | D:2      | Reached XP level 6. HP: 41/55 MP: 5/5
  1727 | D:2      | Found Wuroenu's Antique Weapon Shop.
  1789 | D:2      | Noticed Natasha
  1797 | D:2      | Killed Natasha
  1855 | D:2      | Found Geteteck's Assorted Antiques.
  1881 | D:2      | Bought a scroll labelled CACLIOGIAT for 20 gold pieces
  1901 | D:2      | Found Gasch's Book Emporium.
  2170 | D:3      | Found a blossoming altar of Fedhas.
  2209 | D:3      | Noticed Ijyb
  2217 | D:3      | Killed Ijyb
  2218 | D:3      | Reached skill level 5 in Fighting
  2433 | D:3      | Found a runed translucent door.
  2434 | D:3      | Noticed arthad's ghost (amateur GrWn)
  2558 | D:3      | Found Qiewily's Jewellery Emporium.
  2636 | D:3      | Found a faded altar of an unknown god.
  2636 | D:3      | Found the Hermit's Pendant {Faith Invo=14 Evo=0 MP+5}
  3089 | D:4      | Reached XP level 7. HP: 59/61 MP: 16/16
  3146 | D:4      | Reached skill level 5 in Axes
  3396 | D:4      | Noticed Grinder
  3401 | D:4      | Paralysed by Grinder for 3 turns
  3412 | D:4      | Killed Grinder
  3635 | D:4      | Reached skill level 1 in Maces & Flails
  3655 | D:4      | Found an ancient bone altar of Kikubaaqudgha.
  3815 | D:4      | Reached XP level 8. HP: 70/70 MP: 17/17
  4571 | D:4      | Found a white marble altar of Elyvilon.
  4587 | D:5      | Entered Level 5 of the Dungeon
  4711 | D:5      | Reached skill level 2 in Maces & Flails
  4823 | D:5      | Reached skill level 3 in Maces & Flails
  4860 | D:5      | Reached skill level 4 in Maces & Flails
  4886 | D:5      | Reached skill level 5 in Maces & Flails
  5456 | D:5      | Found a transporter.
  5460 | D:5      | Found a transporter.
  5460 | D:5      | Noticed lxXxl's ghost (novice MiFi)
  5500 | D:5      | Killed lxXxl's ghost
  5501 | D:5      | Reached skill level 6 in Maces & Flails
  5501 | D:5      | Reached XP level 9. HP: 51/78 MP: 18/18
  5600 | D:6      | Reached skill level 7 in Maces & Flails
  5812 | D:6      | Reached skill level 8 in Maces & Flails
  5823 | D:6      | Reached skill level 1 in Dodging
  6001 | D:6      | Reached skill level 1 in Throwing
  6030 | D:6      | Reached skill level 9 in Maces & Flails
  6062 | D:6      | Found a hide-covered altar of Uskayaw.
  6450 | D:7      | Found Bularod's Magic Scroll Emporium.
  6453 | D:7      | Bought a scroll of identify for 28 gold pieces
  6453 | D:7      | Bought a scroll of enchant weapon for 105 gold pieces
  6453 | D:7      | Bought a scroll of identify for 28 gold pieces
  6453 | D:7      | Bought a scroll of identify for 28 gold pieces
  6515 | D:7      | Noticed Maggie
  6545 | D:7      | Killed Maggie
  6546 | D:7      | Reached skill level 10 in Maces & Flails
  6919 | D:7      | Reached XP level 10. HP: 74/86 MP: 19/19
  7273 | D:7      | Found a bloodstained altar of Trog.
  7426 | D:7      | Reached skill level 1 in Stealth
  7453 | D:7      | Found a staircase to the Ecumenical Temple.
  7471 | Temple   | Entered the Ecumenical Temple
  7714 | D:8      | Noticed a sixfirhy
  7728 | D:8      | Reached skill level 11 in Maces & Flails
  7756 | D:8      | Found the +8 trident of the Octopus King {venom, rElec
                  | rPois}
  7785 | D:8      | Noticed an orange demon
  8622 | D:9      | Found a runed translucent door.
  8626 | D:9      | Found a basalt altar of Yredelemnul.
  8684 | D:9      | Found a sacrificial altar of Ru.
  8728 | D:9      | Reached skill level 10 in Armour
  8990 | D:9      | Found a staircase to the Orcish Mines.
  9023 | Orc:1    | Entered Level 1 of the Orcish Mines
  9023 | Orc:1    | Found Tideyhu's Armour Shoppe.
  9116 | D:9      | Noticed a two-headed ogre
  9117 | D:9      | Reached skill level 12 in Maces & Flails
  9138 | D:9      | Killed a two-headed ogre
  9146 | D:9      | Noticed a two-headed ogre
  9152 | D:9      | Killed a two-headed ogre
  9153 | D:9      | Reached XP level 11. HP: 42/97 MP: 20/20
  9632 | D:9      | Found a hazy altar of Hepliaklqana.
  9783 | D:8      | Noticed Jeremiah
  9802 | D:8      | Noticed a sun demon
  9852 | D:8      | Killed Jeremiah
 10114 | D:8      | Found a radiant altar of Vehumet.
 10297 | D:8      | Found an iron altar of Okawaru.
 10327 | D:8      | Found a staircase to the Lair.
 10550 | D:8      | Found a burning altar of Makhleb.
 10685 | Lair:1   | Entered Level 1 of the Lair of Beasts
 10717 | Lair:1   | Reached skill level 13 in Maces & Flails
 10903 | D:8      | HP: 1/99 [yak (12)]
 10908 | D:8      | HP: 3/99 [wolf (4)]
 10910 | D:8      | Slain by a yak

Illustrated notes

Levels and vault maps discovered:
D:1:      ncdulo_lavacross, layout_basic,
          hellmonk_ecumenical_altar_defaced_shrine
D:2:      layout_loops_cross, serial_shops, nicolae_shop_stone,
          nicolae_book_shop_shelving, shop, shop, shop,
          dreamdust_mushroom_princess, uniq_robin, uniq_natasha, uniq_sigmund
D:3:      layout_basic, fedhas_altar_3, serial_shops, shop,
          gammafunk_ghost_grave, grunt_decor_arrowhead, st_stairs_1,
          hellmonk_guarded_unrand_hermit, uniq_ijyb
D:4:      layout_basic, kiku_gazebo_garden_becter, general_overflow_altar,
          serial_undead, serial_undead_c, serial_undead_b, serial_undead_c,
          serial_undead_d, kennysheep_cross_bottleneck, minmay_misc_feat_five,
          uniq_grinder
D:5:      minmay_bubble_buster, layout_basic, gammafunk_ghost_mausoleum
D:6:      cheibrodos_steamvent, layout_basic,
          mainiacjoe_overflow_concentric_impassable
D:7:      layout_rooms, trog_book, temple_statues, serial_shops,
          nicolae_shop_behind_doors, uniq_maggie
D:8:      layout_rooms, mainiacjoe_overflow_swirl, kennysheep_little_box,
          dpeg_oklobed_lair, uniq_jeremiah
D:9:      wander_river, layout_irregular_city, nicolae_ru_awakened_eye,
          worldfamousw_hep_ancestral_shrine, dk_yredelemnul_ordeal, orc_0_dummy,
          nicolae_phantomly_mirrored
Temple:   eino_wide_crystal_templ
Lair:1:   layout_gridlike, st_stairs_8, beast_lair_carwin_6,
          infiniplex_staircase_pool_2, grunt_megastairs_4, uniq_fannar
Orc:1:    layout_diamond_mine, serial_shops, nicolae_shop_statue_plus,
          hangedman_minor_magic, uniq_maurice, uniq_gastronok

Skill      XL: |  1  2  3  4  5  6  7  8  9 10 11 |
---------------+----------------------------------+-----
Armour         | 4 5 6 7 8 10 11 | 11.1
Fighting       | 4 5 6 7 9 |  9.9
Long Blades    | 3 |  3.8
Shields        | 4 |  4.9
Axes           | 2 4 6 |  6.6
Maces & Flails | 1 6 10 12 13 | 13.3
Dodging        | 1 |  1.8
Throwing       | 2 3 |  3.2
Stealth        | 1 |  1.5
Evocations     | |  0.7

Action                     |  1- 3 |  4- 6 |  7- 9 | 10-12 || total
---------------------------+-------+-------+-------+-------++-------
  Melee: Long sword        |    37 |       |       |       ||    37
         Headbutt          |     3 |    17 |    53 |    48 ||   121
         Hand axe          |    17 |   127 |    28 |       ||   172
         War axe           |     4 |       |       |       ||     4
         Dire flail        |       |       |   242 |   301 ||   543
  Throw: Boomerang         |       |       |     9 |    17 ||    26
  Evoke: Wand              |       |       |     1 |     5 ||     6
    Use: Potion            |       |       |     5 |     8 ||    13
         Scroll            |       |       |    13 |     9 ||    22
 Armour: Scale mail        |    22 |       |       |       ||    22
         Plate armour      |    16 |    81 |   250 |   390 ||   737
  Dodge: Dodged            |    30 |    31 |   120 |   190 ||   371
  Block: Buckler           |    19 |    22 |     4 |       ||    45

Table legend: (Time is in decaauts)
 A = Elapsed time spent in this place.
 B = Non-inter-level travel time spent in this place.
 C = Inter-level travel time spent in this place.
 D = Time resting spent in this place.
 E = Time spent auto-exploring this place.
 F = Levels seen in this place.
 G = Mean time per level.
                   A        B        C        D        E       F      G
               +--------+--------+--------+--------+--------+-----+--------+
         Total |  10862 |  10589 |    273 |   3039 |      0 |  12 |  905.2 |
       Dungeon |  10580 |  10339 |    241 |   2993 |      0 |   9 | 1175.6 |
        Temple |     69 |     37 |     32 |      0 |      0 |   1 |   69.0 |
          Lair |    211 |    211 |      0 |     46 |      0 |   1 |  211.0 |
  Orcish Mines |      1 |      1 |      0 |      0 |      0 |   1 |    1.0 |
               +--------+--------+--------+--------+--------+-----+--------+

Top non-repeatable levels by time:
     D:4: 1857 daAuts
     D:9: 1842 daAuts
     D:8: 1168 daAuts
     D:1: 1093 daAuts
     D:7: 1016 daAuts
     D:5: 1004 daAuts
     D:2: 989 daAuts
     D:6: 914 daAuts
     D:3: 694 daAuts
  Lair:1: 211 daAuts
  Temple: 69 daAuts
   Orc:1: 1 daAuts
